[Event "Early-Titled-Tuesday-Blitz-January-30-2024"]
[Site "Chess.com"]
[Date "2024.01.30"]
[Round "2"]
[White "Timerkhanov"]
[Black "GMWSO"]
[Result "0-1"]
[WhiteElo "2666"]
[BlackElo "3144"]
[TimeControl "180+1"]
[EndTime "8:18:34 PST"]
[Termination "GMWSO won by resignation"]

1. d4 Nf6 2. Bg5 Ne4 3. h4 d5 4. Nd2 Bf5 5. Nxe4 Bxe4 6. f3 Bf5 7. g4 h6 8. Bf4 Bh7 9. e3 e6 10. Bd3 Bxd3 11. Qxd3 c5 12. Bxb8 Rxb8 13. Qb5+ Qd7 14. Qxd7+ Kxd7 15. c3 b5 16. a3 a5 17. Ne2 Bd6 18. Kd2 h5 19. g5 g6 20. f4 Rhc8 21.
Nc1 b4 22. axb4 cxd4 23. Rxa5 dxc3+ 24. bxc3 Rxc3 25. Rxd5 Rbc8 26. Rxd6+ Kxd6 27. Ne2 Rc2+ 28. Kd3 Rb2 29. Nd4 Rxb4 30. Ra1 Rc7 31. Ra6+ Kd7 32. Nf3 Rb3+ 33. Kd4 Ke7 34. Ne5 Rcb7 35. Nc6+ Kf8 36. Ra8+ Kg7 37. Ne5 R7b4+ 38. Kc5 Rb5+ 39. Kd4 R3b4+ 40. Kd3 Rxe5 41. fxe5 Rxh4 42. Ke2 Rg4 43. Kf3 Rxg5 44. Kf4 Rf5+ 45. Ke4 g5 46. Ra2 g4 0-1

[Event "Early-Titled-Tuesday-Blitz-January-30-2024"]
[Site "Chess.com"]
[Date "2024.01.30"]
[Round "2"]
[White "Bkmzzzzz"]
[Black "mac0504"]
[Result "0-1"]
[WhiteElo "2346"]
[BlackElo "2731"]
[TimeControl "180+1"]
[EndTime "8:18:34 PST"]
[Termination "mac0504 won by resignation"]

1. e4 Nc6 2. Nf3 d6 3. Nc3 Nf6 4. d4 g6 5. d5 Nb8 6. Bd3 Bg7 7.
O-O O-O 8. Nd4 c5 9. dxc6 bxc6 10. h3 Bb7 11. Re1 Nbd7 12. Bc4 Nb6 13. Bb3 c5 14. Ne6 fxe6 15. Bxe6+ Kh8 16. f4 Bc8 17. Bd5 Nbxd5 18. exd5 Rb8 19. Qe2 Rf7 20. Rb1 Nh5 21. Bd2 Qf8 22. Qc4 Rb4 23. Qd3 Nxf4 24. Qg3 Nh5 25. Qd3 Bf5 26. Qe2 Bxc2 27. a3 Ng3 28.
Qa6 Rd4 29. Be3 Bxb1 30. Nxb1 Re4 31. Nc3 Rxe3 32. Rxe3 Bd4 33. Kh2 Nf1+ 0-1

[Event "Early-Titled-Tuesday-Blitz-January-30-2024"]
[Site "Chess.com"]
[Date "2024.01.30"]
[Round "2"]
[White "Nechitaylo_Nikita"]
[Black "KarstenHansch"]
[Result "0-1"]
[WhiteElo "2308"]
[BlackElo "2544"]
[TimeControl "180+1"]
[EndTime "8:18:34 PST"]
[Termination "KarstenHansch won on time"]

1. d4 Nf6 2. c4 g6 3. f3 c5 4. d5 d6 5. e4 e6 6. Nc3 Bg7 7. Nge2 O-O 8. Ng3 h5 9. Be2 h4 10. Nf1 exd5 11. cxd5 a6 12. a4 Re8 13. Bg5 h3 14. g3 Qa5 15. Nd2 Nbd7 16. Nc4 Qc7 17. Bf4 Bf8 18. a5 b5 19. axb6 Nxb6 20. O-O Rb8 21.
b3 Nxc4 22. Bxc4 Bg7 23. Re1 Nh5 24. Bd2 Bd4+ 25. Kh1 Qe7 26. Bxa6 Bxa6 27. Rxa6 Rxb3 28. Ne2 Rd3 29. Nxd4 Rxd4 30. Qe2 Rxd5 31. Qf2 Rd3 32. Qe2 c4 33. Rc6 d5 34. Be3 dxe4 35. Bd4 Rxd4 0-1

[Event "Early-Titled-Tuesday-Blitz-January-30-2024"]
[Site "Chess.com"]
[Date "2024.01.30"]
[Round "2"]
[White "tomesao"]
[Black "Better_Chess_Faster"]
[Result "1-0"]
[WhiteElo "2482"]
[BlackElo "2139"]
[TimeControl "180+1"]
[EndTime "8:18:34 PST"]
[Termination "tomesao won by resignation"]

1. Nf3 f5 2. c4 Nf6 3. b3 e6 4. Bb2 d5 5. d3 Be7 6. g3 O-O 7.
Bg2 c6 8. O-O Nbd7 9. Ne5 Nxe5 10. Bxe5 Nd7 11. Bb2 Bf6 12. Qc2 Ne5 13. Nd2 Bd7 14.
Nf3 Nxf3+ 15. Bxf3 Bxb2 16. Qxb2 Qf6 17. Qxf6 Rxf6 18.
d4 f4 19. Bg2 Raf8 20. c5 g5 21. b4 a6 22. a4 Be8 23. Rab1 Bg6 24. Rb2 fxg3 25.
fxg3 Rxf1+ 26. Bxf1 Be4 27. b5 axb5 28. axb5 Ra8 29.
bxc6 bxc6 30. Rb6 Rc8 31. Rb7 Bc2 32. Kf2 Ba4 33. Bh3 Re8 34. e3 Bb5 35. Ke1 h5 36.
Rc7 g4 37. Bf1 e5 38. Bxb5 cxb5 39. Kd2 exd4 40. exd4 Re4 41. Kd3 Re1 42. Rb7 Rd1+ 43. Ke3 Re1+ 44. Kd2 Rh1 45. c6 Rxh2+ 46. Kd3 Rh1 47. c7 Rc1 48. Rb8+ 1-0

[Event "Early-Titled-Tuesday-Blitz-January-30-2024"]
[Site "Chess.com"]
[Date "2024.01.30"]
[Round "2"]
[White "SuanFernandes"]
[Black "Druid24"]
[Result "0-1"]
[WhiteElo "2334"]
[BlackElo "2716"]
[TimeControl "180+1"]
[EndTime "8:18:35 PST"]
[Termination "Druid24 won on time"]

1. d4 Nf6 2. c4 e6 3. Nf3 d5 4. Nc3 Bb4 5. Bg5 h6 6. Bxf6 Qxf6 7. e3 O-O 8. Rc1 dxc4 9. Bxc4 c5 10. O-O cxd4 11.
Ne4 Qf5 12. Bd3 dxe3 13. Nd6 Qf4 14. Nxc8 Nc6 15. Rc4 Qc7 16. a3 Bd2 17. Nxd2 exd2 18. Qxd2 Raxc8 19. Be4 Rfd8 20. Qc3 Qe5 21. Rxc6 Qxc3 22.
Rxc3 Rxc3 23. bxc3 b6 24. Rc1 Kf8 25. f3 Ke7 26.
Kf2 f5 27. Bc2 Rd2+ 28. Kf1 g5 29. Bd1 Kd6 30. Be2 Ke5 31. Bc4 Kf6 32. Re1 e5 33. Re2 Rd6 34. Bb5 Rd5 35. a4 h5 36. Kf2 g4 37. c4 Rd4 38. Ke3 f4+ 39. Kf2 Kf5 40. Be8 Rxc4 41. Bxh5 gxf3 0-1

[Event "Early-Titled-Tuesday-Blitz-January-30-2024"]
[Site "Chess.com"]
[Date "2024.01.30"]
[Round "2"]
[White "kai_nov"]
[Black "gm_rashid"]
[Result "0-1"]
[WhiteElo "2276"]
[BlackElo "2534"]
[TimeControl "180+1"]
[EndTime "8:18:36 PST"]
[Termination "gm_rashid won by resignation"]

1. d4 Nf6 2. Nc3 d5 3. Nf3 g6 4.
Bg5 Bg7 5. e3 O-O 6. Bd3 c5 7. O-O Nc6 8. dxc5 e5 9. e4 d4 10.
Nd5 Be6 11. Bxf6 Bxf6 12. Nxf6+ Qxf6 13. a3 a5 14. Qe2 Rac8 15. h3 h5 16. Bc4 Nd8 17.
Bxe6 Nxe6 18. b4 Nf4 19. Qd1 g5 20. Kh2 Kg7 21. g3 Ne6 22. Kg2 Rh8 23. h4 Rcg8 24. hxg5 Nxg5 25. Nxg5 Qxg5 26. Qf3 h4 27. Qf5 Qxf5 28.
exf5 Kf6 29. bxa5 Ra8 30. gxh4 Rxa5 31. Kg3 Rxc5 32. Rab1 Kxf5 33. Rxb7 f6 34. a4 Rc3+ 35. f3 Ra3 36. Rb4 Rg8+ 37. Kf2 Rc8 38. h5 Rxc2+ 39. Kg3 Raa2 40. Rg1 Rh2 41. Rb5 Rxh5 42. a5 Rg5+ 0-1

[Event "Early-Titled-Tuesday-Blitz-January-30-2024"]
[Site "Chess.com"]
[Date "2024.01.30"]
[Round "2"]
[White "korkmaz16"]
[Black "UnTucopalaTimba"]
[Result "1-0"]
[WhiteElo "2449"]
[BlackElo "1920"]
[TimeControl "180+1"]
[EndTime "8:18:36 PST"]
[Termination "korkmaz16 won by resignation"]

1. e4 c6 2. d4 d5 3. Nc3 dxe4 4. Nxe4 Bf5 5. Ng3 Bg6 6. h4 h6 7. Nf3 Nd7 8. h5 Bh7 9. Bd3 Bxd3 10. Qxd3 e6 11. Bd2 Ngf6 12. O-O-O Be7 13. Ne4 Nxe4 14.
Qxe4 Nf6 15. Qe2 Qd5 16. Kb1 Qe4 17. Be3 O-O 18. Rh4 Qd5 19. Ne5 Bd6 20. c4 Qa5 21. Ng4 Be7 22. Ne5 c5 23. Bd2 Qc7 24. Rf4 cxd4 25.
Rxd4 Rad8 26. Bc3 Qb6 27. Nd7 Rxd7 28. Rxd7 Nxd7 29. Rxd7 Bb4 30. Bd4 Qc6 31. Qg4 g6 32. Qf4 g5 33. Qf6 e5 34. Qxe5 f6 35. Qd5+ Qxd5 36.
cxd5 Rf7 37. Rd8+ Kg7 38. d6 Ba5 39. Re8 Rd7 40. Re6 Kf7 41. Rxf6+ Ke8 42. Rxh6 1-0

[Event "Early-Titled-Tuesday-Blitz-January-30-2024"]
[Site "Chess.com"]
[Date "2024.01.30"]
[Round "2"]
[White "secrethawk1"]
[Black "FontVella8"]
[Result "0-1"]
[WhiteElo "2469"]
[BlackElo "2768"]
[TimeControl "180+1"]
[EndTime "8:18:37 PST"]
[Termination "FontVella8 won by checkmate"]

1. d4 d5 2. Bf4 Nf6 3. e3 e6 4.
Nf3 Bd6 5. Bg3 O-O 6. Nbd2 c5 7.
c3 Qc7 8. Bd3 Nbd7 9. O-O Bxg3 10. hxg3 e5 11. dxe5 Nxe5 12. Nxe5 Qxe5 13. Nf3 Qh5 14. c4 Be6 15. Be2 dxc4 16. a4 Rfd8 17.
Qc2 Bd5 18. Nh4 Qe5 19. Bxc4 Be4 20. Qe2 Rd7 21. Rad1 Rad8 22. Rxd7 Rxd7 23. Rd1 Rxd1+ 24. Qxd1 g6 25. b3 Kg7 26. Nf3 Qc3 27. Ng5 Bc6 28. Nxf7 Ne4 29. Ng5 Nxg5 30. Qg4 Qe1+ 31. Kh2 Qxf2 32.
e4 Bxe4 33. Bd5 Qxg2# 0-1

[Event "Early-Titled-Tuesday-Blitz-January-30-2024"]
[Site "Chess.com"]
[Date "2024.01.30"]
[Round "2"]
[White "yjjga"]
[Black "eagleclaw07"]
[Result "0-1"]
[WhiteElo "2368"]
[BlackElo "2739"]
[TimeControl "180+1"]
[EndTime "8:18:37 PST"]
[Termination "eagleclaw07 won by checkmate"]

1. d4 d5 2. c4 c6 3. cxd5 cxd5 4. Nc3 Nf6 5. Nf3 Nc6 6. Bf4 a6 7. e3 Bg4 8. Be2 e6 9. O-O Bd6 10. Bxd6 Qxd6 11. Rc1 O-O 12. Na4 Nd7 13. h3 Bh5 14. a3 Rac8 15. Qd2 Rc7 16. Rc2 Rfc8 17. Rfc1 h6 18. Nc5 Nxc5 19. Rxc5 Bxf3 20. Bxf3 b6 21. R5c2 Na5 22. Qd3 Nc4 23. Be2 Nxb2 24. Qb3 Rxc2 25.
Rxc2 Rxc2 26. Qxc2 Qxa3 27. Qc8+ Kh7 28. Qb7 Qa1+ 29. Kh2 Qe1 30. Bh5 Qxf2 31. Bxf7 Nc4 32. Bxe6 Nxe3 33. Bxd5 Nf1+ 34. Kh1 Ng3+ 35. Kh2 Qf4 36.
Qa8 Ne2+ 37. Kh1 Qf1+ 38. Kh2 Qg1# 0-1

[Event "Early-Titled-Tuesday-Blitz-January-30-2024"]
[Site "Chess.com"]
[Date "2024.01.30"]
[Round "2"]
[White "Matols"]
[Black "TERMINATOR_PC"]
[Result "0-1"]
[WhiteElo "2376"]
[BlackElo "2631"]
[TimeControl "180+1"]
[EndTime "8:18:37 PST"]
[Termination "TERMINATOR_PC won by resignation"]

1. d4 Nf6 2. c4 e6 3. g3 Bb4+ 4. Bd2 a5 5. Bg2 d6 6. e4 Nc6 7.
Ne2 O-O 8. O-O e5 9. Be3 exd4 10.
Nxd4 Bd7 11. a3 Bc5 12. Nxc6 Bxc6 13. Bxc5 dxc5 14. Nc3 Re8 15. Qc2 Qd4 16. Nd5 Bxd5 17. exd5 Rad8 18. Rad1 Qg4 19. h3 Qd7 20. Rfe1 b6 21. Qc3 Qd6 22. Rxe8+ Rxe8 23. Re1 Rxe1+ 24. Qxe1 Kf8 25. f4 Ne8 26. Kf2 Qe7 27. Qe5 Nd6 28. b3 a4 29. Qc3 axb3 30. Qxb3 Qe8 31. a4 Qa8 32. Bf1 Qa5 33. Ke2 Ne4 34. Bg2 Qd2+ 35. Kf3 f5 36. Qe3 Qd1+ 37. Qe2 Qxe2+ 38. Kxe2 Nxg3+ 39. Kf3 Ne4 40. Ke3 Nd6 41. Kd3 Kf7 42. Bf3 Kf6 43. Be2 g5 44. fxg5+ Kxg5 45. Bf3 Kf4 46. Bg2 Kg3 47. Bf1 f4 0-1

[Event "Early-Titled-Tuesday-Blitz-January-30-2024"]
[Site "Chess.com"]
[Date "2024.01.30"]
[Round "2"]
[White "yuriydovzik"]
[Black "secretsuperstar7"]
[Result "0-1"]
[WhiteElo "2217"]
[BlackElo "2510"]
[TimeControl "180+1"]
[EndTime "8:18:38 PST"]
[Termination "secretsuperstar7 won on time"]

1. f4 e5 2. fxe5 d6 3. exd6 Bxd6 4. e4 c5 5. Nc3 Qh4+ 6. Ke2 Bg4+ 7. Nf3 Nc6 8. Nb5 O-O-O 9. Qe1 Qe7 10. d3 Bb8 11. Be3 f5 12. Nc3 Nf6 13. h3 Bh5 14. g4 fxe4 15. gxh5 exf3+ 16. Kd2 Be5 17. Qf2 Bxc3+ 18.
bxc3 Ne4+ 19. Kc1 Nxf2 20. Bxf2 Qe5 21. Kb2 b5 22. h4 b4 23. Bh3+ Kb7 24. d4 bxc3+ 25.
Kxc3 cxd4+ 26. Kb2 d3+ 27. c3 Qe2+ 28. Ka3 Qxf2 29.
Rab1+ Ka8 0-1

[Event "Early-Titled-Tuesday-Blitz-January-30-2024"]
[Site "Chess.com"]
[Date "2024.01.30"]
[Round "2"]
[White "DavidGavrilescu18"]
[Black "yobdc"]
[Result "1-0"]
[WhiteElo "2816"]
[BlackElo "2558"]
[TimeControl "180+1"]
[EndTime "8:18:39 PST"]
[Termination "DavidGavrilescu18 won by resignation"]

1. e4 e6 2. d4 d5 3. e5 c5 4. c3 Bd7 5. Nf3 Nc6 6. Be2 f6 7. O-O Qc7 8. Bf4 c4 9. b3 cxb3 10. axb3 Nge7 11. Na3 Ng6 12. Nb5 Qb8 13. Bg3 f5 14.
Nh4 a6 15. Nxg6 hxg6 16. Nd6+ Bxd6 17. exd6 g5 18. Be5 Nxe5 19. dxe5 g4 20. f3 Qa7+ 21. Qd4 Qxd4+ 22. cxd4 gxf3 23. Bxf3 Rc8 24. Rfc1 Kf7 25. Rc5 Rxc5 26. dxc5 Bb5 27. g3 g5 28. b4 g4 29.
Bd1 Rc8 30. h3 gxh3 31. Kh2 Ke8 32. g4 Kd7 33. Kxh3 Rh8+ 34. Kg2 fxg4 35. Bxg4 Rg8 36. Kh3 Bd3 37. Kh4 Rh8+ 38. Kg5 Rg8+ 39. Kf4 Rf8+ 40.
Ke3 Bf5 41. Rf1 Rf7 42. Bd1 Rh7 43. Ba4+ Kd8 44. Rxf5 exf5 45. e6 Rg7 46. Kf4 Re7 47. Kxf5 d4 48. dxe7+ Kxe7 49. Ke4 d3 50. Kxd3 1-0

[Event "Early-Titled-Tuesday-Blitz-January-30-2024"]
[Site "Chess.com"]
[Date "2024.01.30"]
[Round "2"]
[White "YairParkhov"]
[Black "lularobs"]
[Result "1-0"]
[WhiteElo "2682"]
[BlackElo "1569"]
[TimeControl "180+1"]
[EndTime "8:18:39 PST"]
[Termination "YairParkhov won by checkmate"]

1. e4 e6 2. d3 d5 3. Nd2 Bc5 4.
Ngf3 Ne7 5. d4 Bb6 6. Bd3 c5 7.
dxc5 Bxc5 8. O-O Nbc6 9. a3 O-O 10. b4 dxe4 11. Nxe4 Bb6 12. Bb2 Ng6 13. Neg5 Nd4 14. Bxd4 Bxd4 15. Bxg6 Bxa1 16. Bxf7+ Kh8 17. Qxa1 Qf6 18.
Qd1 h6 19. Ne4 Qxf7 20. Nd6 Qe7 21. Ne5 Bd7 22. Ng6+ Kh7 23. Nxe7 Bc6 24. Qd3+ Kh8 25. Ng6+ Kg8 26. Ne7+ Kh8 27. Qg6 Rad8 28. Nf7+ Rxf7 29. Qxf7 Bd5 30. Ng6+ Kh7 31. Nf8+ Kh8 32. Rd1 e5 33. Rxd5 Rxd5 34. Ng6+ Kh7 35. Nf8+ Kh8 36. Qxd5 g6 37. Qf7 g5 38. Ng6# 1-0

[Event "Early-Titled-Tuesday-Blitz-January-30-2024"]
[Site "Chess.com"]
[Date "2024.01.30"]
[Round "2"]
[White "guillembaches"]
[Black "Aanna12"]
[Result "1-0"]
[WhiteElo "2545"]
[BlackElo "2310"]
[TimeControl "180+1"]
[EndTime "8:18:39 PST"]
[Termination "guillembaches won on time"]

1. d4 Nf6 2. Nf3 d6 3. Bg5 Nbd7 4.
Nbd2 e5 5. e3 Be7 6. c3 O-O 7. Bd3 c6 8. Qc2 h6 9. Bh4 Qc7 10. O-O d5 11. e4 Re8 12. Nxe5 Nxe5 13. dxe5 dxe4 14. Nxe4 Nxe4 15. Bxe7 Rxe7 16. Bxe4 Rxe5 17.
f4 Re8 18. f5 Bd7 19. f6 Qe5 20. Rae1 Kh8 21. Qd2 Rad8 22. fxg7+ Qxg7 23. Qf4 Be6 24. Re3 Qg5 25. Qf2 Qc5 26. Kh1 1-0

[Event "Early-Titled-Tuesday-Blitz-January-30-2024"]
[Site "Chess.com"]
[Date "2024.01.30"]
[Round "2"]
[White "Casper"]
[Black "flomarechot"]
[Result "1/2-1/2"]
[WhiteElo "2542"]
[BlackElo "2338"]
[TimeControl "180+1"]
[EndTime "8:18:42 PST"]
[Termination "Game drawn by repetition"]

1. Nf3 Nf6 2. b3 d6 3. Bb2 g6 4.
g3 Bg7 5. Bg2 O-O 6. O-O c5 7.
d4 cxd4 8. Nxd4 a6 9. c4 Qc7 10.
Nc3 Nc6 11. Rc1 Nxd4 12. Qxd4 Nh5 13. Qd2 Be6 14. Nd5 Bxd5 15. cxd5 Qd7 16. Bxg7 Nxg7 17. e4 Rfc8 18. h4 Rxc1 19. Rxc1 Rc8 20. Bf1 Rxc1 21. Qxc1 f5 22. Bh3 Qb5 23. Qc8+ Kf7 24. h5 Qe2 25. h6 Qe1+ 26. Bf1 Nh5 27. Qe6+ Ke8 28. Qg8+ Kd7 29. Qxh7 Nxg3 30. fxg3 Qxg3+ 31. Bg2 Qe1+ 32. Bf1 Qg3+ 33. Kh1 Qf3+ 34. Bg2 Qd1+ 35. Kh2 Qh5+ 36. Kg1 Qd1+ 37. Bf1 Qg4+ 38. Bg2 Qd1+ 39. Kf2 Qd2+ 40. Kg3 Qg5+ 41. Kh3 Qh5+ 42. Kg3 Qg5+ 43. Kh2 Qf4+ 44. Kg1 Qe3+ 45. Kf1 Qc1+ 46. Ke2 Qc2+ 47. Ke3 Qc1+ 48. Kd3 Qd1+ 49. Kc3 Qc1+ 50. Kb4 Qd2+ 51. Ka4 Qxa2+ 52. Kb4 Qd2+ 53. Ka3 Qc1+ 54. Kb4 Qc5+ 55. Ka4 Qd4+ 56. Ka3 Qa1+ 57. Kb4 Qd4+ 58. Ka5 Qc5+ 59. Ka4 Qd4+ 60. Ka3 Qa1+ 61. Kb4 Qd4+ 62. Ka3 1/2-1/2

[Event "Early-Titled-Tuesday-Blitz-January-30-2024"]
[Site "Chess.com"]
[Date "2024.01.30"]
[Round "2"]
[White "deribas12345"]
[Black "Abund"]
[Result "1-0"]
[WhiteElo "2497"]
[BlackElo "2755"]
[TimeControl "180+1"]
[EndTime "8:18:43 PST"]
[Termination "deribas12345 won by resignation"]

1. d4 d5 2. c4 e6 3. Nc3 Be7 4.
Nf3 Nf6 5. cxd5 exd5 6. Bf4 c6 7.
e3 Bf5 8. Bd3 Bxd3 9. Qxd3 Nbd7 10. O-O O-O 11. a3 a5 12. Rac1 Re8 13. h3 Bf8 14. Ne5 Nxe5 15. Bxe5 Ne4 16. Nxe4 dxe4 17. Qb3 Qd7 18. Bg3 a4 19. Qc4 Ra5 20. Rc2 Rea8 21. Rd1 Rd5 22. Qe2 g6 23. Be5 Qe6 24. Rdc1 Raa5 25.
Rc4 f6 26. Bg3 h5 27. Qc2 Kf7 28. Rxa4 Rab5 29. Ra8 Rg5 30. h4 Rgd5 31. b4 Be7 32. Qe2 Rf5 33. Bf4 Kg7 34. Bg3 Rfd5 35. Rb1 Rf5 36.
Re8 Kf7 37. Rb8 Kg7 38. Qd2 Qd7 39. Qc2 Qe6 40. a4 Rb6 41. Bc7 Rxb4 42. Rxb4 Bxb4 43.
Rxb7 Kh6 44. Rxb4 Rd5 45. Bf4+ g5 46. hxg5+ fxg5 47. Be5 c5 48. Rc4 cxd4 49. Rc6 Rxe5 50. Rxe6+ Rxe6 51. exd4 Rc6 52. Qxc6+ 1-0

[Event "Early-Titled-Tuesday-Blitz-January-30-2024"]
[Site "Chess.com"]
[Date "2024.01.30"]
[Round "2"]
[White "Maxfan2008"]
[Black "Gabrielian_Artur"]
[Result "1-0"]
[WhiteElo "2493"]
[BlackElo "2754"]
[TimeControl "180+1"]
[EndTime "8:18:43 PST"]
[Termination "Maxfan2008 won by checkmate"]

1. c4 Nf6 2. g3 g6 3. Bg2 Bg7 4. Nc3 O-O 5. Nf3 d6 6. O-O e5 7. d4 Nc6 8. d5 Nb8 9. Nd2 a5 10. e4 Na6 11. b3 Nc5 12. Qc2 Nh5 13. a3 f5 14. Rb1 Nf6 15. b4 axb4 16. axb4 Ncxe4 17.
Ndxe4 fxe4 18. Nxe4 Bf5 19. Bg5 Qd7 20. Bxf6 Bxf6 21. c5 h5 22. Ra1 Rxa1 23. Rxa1 h4 24. c6 bxc6 25. dxc6 Qf7 26. Nxf6+ Qxf6 27. Qe2 h3 28.
Bd5+ Kg7 29. Ra7 Qe7 30. b5 Rb8 31. f4 Kh6 32. g4 Bc8 33. g5+ Kg7 34. Kf2 Kf8 35.
b6 Rxb6 36. Ra8 Qe8 37. fxe5 Kg7 38. exd6 Qf8+ 39. Qf3 Rb2+ 40. Kf1 Rb1+ 41. Ke2 Rb2+ 42. Kd1 Qxd6 43. Qf7+ Kh8 44. Qg8# 1-0

[Event "Early-Titled-Tuesday-Blitz-January-30-2024"]
[Site "Chess.com"]
[Date "2024.01.30"]
[Round "2"]
[White "Sofia_Blokhin"]
[Black "KubaGepard"]
[Result "0-1"]
[WhiteElo "2252"]
[BlackElo "2520"]
[TimeControl "180+1"]
[EndTime "8:18:43 PST"]
[Termination "KubaGepard won on time"]

1. d4 d5 2. c4 dxc4 3. Nf3 a6 4. a4 Nf6 5. e3 e6 6. Bxc4 c5 7. Nc3 Nc6 8. O-O Be7 9. Re1 O-O 10. Ba2 Qc7 11. h3 Rd8 12. Qe2 cxd4 13. exd4 Nxd4 14. Nxd4 Rxd4 15. Be3 Rd8 16. a5 Bc5 17. Bg5 Be7 18. Be3 Bc5 19. Bg5 Bd7 20. Bxf6 gxf6 21. Ne4 Bd4 22. Qg4+ Kh8 23. Qh4 Qe5 24. Bb1 f5 25.
Kh1 Bc6 26. f4 Qg7 27. Ng5 Bxb2 28. Ra2 Rd2 29. Qh5 Rf8 30. Rg1 f6 31. Nxe6 Bxg2+ 32. Kh2 Bd5+ 0-1

[Event "Early-Titled-Tuesday-Blitz-January-30-2024"]
[Site "Chess.com"]
[Date "2024.01.30"]
[Round "2"]
[White "SaqoChess_Twitch"]
[Black "lilleper1"]
[Result "0-1"]
[WhiteElo "2590"]
[BlackElo "2905"]
[TimeControl "180+1"]
[EndTime "8:18:44 PST"]
[Termination "lilleper1 won by resignation"]

1. d4 Nf6 2. c4 e6 3. Nc3 Bb4 4. e3 O-O 5. a3 Bxc3+ 6. bxc3 d6 7. Bd3 e5 8. Ne2 Nc6 9. Ng3 b6 10. O-O Ba6 11. f4 Re8 12. fxe5 dxe5 13. d5 e4 14. Nxe4 Nxe4 15. dxc6 Qe7 16. Qh5 g6 17. Qh6 Rad8 18. Be2 Qe6 19. a4 Bxc4 20. Bxc4 Qxc4 21. a5 b5 22. Qf4 Nd6 23. Qf3 Re5 24. Ba3 Ne4 25. Rad1 Rde8 26. Rd4 Qe6 27. Bb4 f5 28. h3 a6 29. g4 Qxc6 30. gxf5 Rxf5 31. Qg2 Rxf1+ 32. Qxf1 Qe6 33. Qf3 c5 34. Rxe4 Qxe4 35. Qxe4 Rxe4 36. Bxc5 Ra4 37. Bb4 Ra2 38. Kf1 Kf7 39. Kg1 Ke6 40. h4 Kf5 0-1

[Event "Early-Titled-Tuesday-Blitz-January-30-2024"]
[Site "Chess.com"]
[Date "2024.01.30"]
[Round "2"]
[White "Alen_Yeremyann"]
[Black "EsmeraldasAnderson03"]
[Result "1-0"]
[WhiteElo "2746"]
[BlackElo "2408"]
[TimeControl "180+1"]
[EndTime "8:18:45 PST"]
[Termination "Alen_Yeremyann won by resignation"]

1. d4 d5 2. c4 dxc4 3. e3 Nf6 4. Bxc4 e6 5. Nf3 a6 6. O-O c5 7. Bd3 b5 8. a4 b4 9. Nbd2 Bb7 10. Nc4 Nbd7 11. b3 Be7 12. Bb2 O-O 13. Qe2 Rc8 14. Rfd1 Qc7 15. Rac1 Qb8 16. Bb1 Qa8 17. dxc5 Nxc5 18.
Nb6 Bxf3 19. gxf3 Qb7 20. Nxc8 Rxc8 21. Bxf6 Bxf6 22. Be4 Qb8 23. Qc4 Bc3 24. Kg2 g6 25. Bc2 a5 26. Qf4 Be5 27. Qg4 h5 28. Qg5 Kg7 29.
f4 Bb2 30. Rb1 Bf6 31. Qg3 Nxa4 32. Bxg6 Nc3 33. Rd7 Qa8+ 34. Be4+ Kf8 35. Bxa8 Rxa8 36. Qf3 Rb8 37. Qxh5 1-0

[Event "Early-Titled-Tuesday-Blitz-January-30-2024"]
[Site "Chess.com"]
[Date "2024.01.30"]
[Round "2"]
[White "Kostukov_Alex"]
[Black "blitzking1729"]
[Result "0-1"]
[WhiteElo "2318"]
[BlackElo "2705"]
[TimeControl "180+1"]
[EndTime "8:18:45 PST"]
[Termination "blitzking1729 won on time"]

1. g3 h5 2. h4 Nf6 3. Bg2 d5 4. c4 d4 5. d3 c5 6. Nf3 Nc6 7. Bf4 Ng4 8. Nh2 Nxh2 9. Rxh2 f6 10. Na3 e5 11. Bd2 Be6 12. Qa4 Bd7 13. Qc2 Rc8 14.
Be4 Bd6 15. Bg6+ Kf8 16. O-O-O a6 17. Kb1 Ne7 18. Be4 Qc7 19. Ka1 b5 20. cxb5 axb5 21.
Rhh1 g6 22. Rhf1 f5 23. Bg2 c4 24. Nb1 Be6 25. e4 Qa7 26. a3 c3 27. Bc1 b4 28.
b3 fxe4 29. Bxe4 bxa3 30. Qa2 c2 31. Nd2 cxd1=Q 32. Rxd1 Kg7 33. f4 exf4 34. gxf4 Bxf4 35. Nc4 Bxc1 36. Rxc1 Bxc4 37. dxc4 Qc5 38. Qg2 Rhf8 39. Rg1 Rf6 40. Ka2 d3 41. Bxd3 Rf2+ 0-1

[Event "Early-Titled-Tuesday-Blitz-January-30-2024"]
[Site "Chess.com"]
[Date "2024.01.30"]
[Round "2"]
[White "topalovkramnik"]
[Black "Zurability"]
[Result "0-1"]
[WhiteElo "2438"]
[BlackElo "2769"]
[TimeControl "180+1"]
[EndTime "8:18:45 PST"]
[Termination "Zurability won by resignation"]

1. e4 e5 2. Nf3 Nc6 3. d4 exd4 4. c3 d5 5. exd5 Qxd5 6. cxd4 Bg4 7. Be2 Bb4+ 8. Nc3 Bxf3 9. Bxf3 Qc4 10. Bxc6+ Qxc6 11. O-O Ne7 12. Re1 O-O 13. Bf4 Bxc3 14. bxc3 Nd5 15. Qf3 Rfe8 16. Bd2 Qc4 17. h4 c6 18.
Qg3 h5 19. Re5 Rxe5 20. Bh6 g6 21. Qxe5 f6 22. Qe6+ Kh7 23. Bd2 Rg8 24. a4 Qd3 25.
Bh6 Qxc3 26. Rc1 Qxd4 27. Qf7+ Kh8 28. Qxg8+ Kxg8 0-1

[Event "Early-Titled-Tuesday-Blitz-January-30-2024"]
[Site "Chess.com"]
[Date "2024.01.30"]
[Round "2"]
[White "AwareIdea"]
[Black "mertfelin"]
[Result "1-0"]
[WhiteElo "2520"]
[BlackElo "2255"]
[TimeControl "180+1"]
[EndTime "8:18:46 PST"]
[Termination "AwareIdea won by resignation"]

1. d4 d5 2. c4 e6 3. Nc3 Nf6 4. Nf3 Be7 5. Bf4 O-O 6. e3 Nbd7 7. Rc1 Nh5 8. Be5 f6 9. Bg3 g6 10. cxd5 Nxg3 11. hxg3 exd5 12. Nxd5 c6 13. Nxe7+ Qxe7 14. Bc4+ Kg7 15. Qd2 Nb6 16. Be2 Be6 17. e4 Rad8 18. b3 Rfe8 19. Kf1 Bg8 20. e5 fxe5 21. Qh6+ Kh8 22.
dxe5 Qg7 23. Qg5 Bd5 24. Re1 Rf8 25. Bd3 Kg8 26. Re3 Rde8 27. Rh4 Nd7 28. Be4 Bxe4 29. Rhxe4 Rf5 30. Qg4 Nc5 31. Rd4 Qf7 32. Kg1 Ne6 33. Rd1 Rf8 34. Qc4 Kh8 35. Rd6 Ng5 36. Nxg5 Rxg5 37.
Qxf7 Rxf7 38. e6 1-0

[Event "Early-Titled-Tuesday-Blitz-January-30-2024"]
[Site "Chess.com"]
[Date "2024.01.30"]
[Round "2"]
[White "Rdeux42"]
[Black "PavelShkapenko"]
[Result "0-1"]
[WhiteElo "2441"]
[BlackElo "2755"]
[TimeControl "180+1"]
[EndTime "8:18:47 PST"]
[Termination "PavelShkapenko won by resignation"]

1. e4 e5 2. Nf3 Nc6 3. Bb5 Bc5 4. O-O d6 5. c3 Bd7 6. d4 Bb6 7. Be3 Nge7 8. d5 Nb8 9. Bxd7+ Nxd7 10. Qe2 O-O 11.
Nbd2 h6 12. Nc4 f5 13. Bxb6 axb6 14. exf5 Nxd5 15. Ne3 Ne7 16. Qc4+ Kh8 17. Nh4 Nf6 18.
g4 Qd7 19. a4 d5 20. Qe2 Rxa4 21. Rxa4 Qxa4 22. h3 Qd7 23. Neg2 Qd6 24. Re1 Nd7 25. f4 e4 26. Qe3 Qc5 27. Kf2 Ra8 28. g5 Ra2 29. Re2 Qxe3+ 30. Nxe3 Nc5 31. gxh6 Nd3+ 32. Kg3 Rxb2 33. Rxb2 Nxb2 34. hxg7+ Kxg7 35. Nhg2 Na4 36. h4 Nxc3 37. h5 d4 38. h6+ Kxh6 39. f6 Ned5 40.
Ng4+ Kg6 41. Nh4+ Kf7 42. Nf5 Nxf6 43. Nfh6+ Ke6 44. Nxf6 Kxf6 0-1

[Event "Early-Titled-Tuesday-Blitz-January-30-2024"]
[Site "Chess.com"]
[Date "2024.01.30"]
[Round "2"]
[White "UK_23"]
[Black "Alexchess1984"]
[Result "0-1"]
[WhiteElo "2399"]
[BlackElo "2743"]
[TimeControl "180+1"]
[EndTime "8:18:47 PST"]
[Termination "Alexchess1984 won by resignation"]

1. e4 c5 2. Nf3 Nc6 3. Bb5 Nf6 4. Nc3 Qc7 5. O-O Nd4 6. Re1 a6 7. Bf1 Ng4 8. g3 Nxf3+ 9. Qxf3 Ne5 10. Qg2 e6 11. f4 Nc6 12. d3 Be7 13. Be3 d6 14. Ne2 b5 15. c3 Bb7 16. Qf2 O-O 17. Bg2 Rad8 18. Rad1 b4 19. h3 a5 20. g4 bxc3 21.
bxc3 Ba6 22. Ng3 a4 23. g5 Qa5 24. Qc2 a3 25. Rb1 Rb8 26. Nh5 Bb5 27. h4 Qa6 28.
Red1 Ba4 29. Qe2 Bxd1 30. Rxd1 Rb2 31. Qg4 Qc8 32. Nf6+ Kh8 33. Nxh7 Kxh7 34. Qh5+ Kg8 35. f5 exf5 36. Bh3 g6 37. Qh6 Re8 38. exf5 Bf8 39. fxg6 Bxh6 40. Bxc8 Rxc8 41. gxf7+ Kxf7 42. gxh6 Ne5 0-1